 Dungeon Crawl Stone Soup version 0.27.1 (webtiles) character file.

Game seed: 18134622970093115844

5887 DoubleLucky the Grappler (level 10, -43/96 HPs)
             Began as a Troll Fighter on Aug 21, 2021.
             Was an Elder of Qazlal.
             Killed from afar by kthxbai's ghost (45 damage)
             ... with a stone arrow
             ... on level 8 of the Dungeon.
             The game lasted 00:38:04 (8740 turns).

DoubleLucky the Grappler (Troll Fighter)            Turns: 8740, Time: 00:38:04

Health: -43/96     AC:  4    Str: 29    XL:     10   Next: 52%
Magic:  7/10       EV:  9    Int:  4    God:    Qazlal [****..]
Gold:   807        SH: 16    Dex:  9    Spells: 9/9 levels left

rFire    + . .     SeeInvis .     - Unarmed
rCold    + . .     Faith    .   b - +0 kite shield
rNeg     . . .     Spirit   .   a - +0 robe
rPois    .         Reflect  .   (helmet restricted)
rElec    .         Harm     .   (no cloak)
rCorr    .         Rampage  .   (gloves unavailable)
Will     .....                  (boots unavailable)
Stlth    +.........             D - amulet of the acrobat
HPRegen  1.26/turn              e - ring of protection from cold
MPRegen  0.12/turn              y - ring of protection from fire

@: repel missiles
A: large, unfitting armour, claws 3, regeneration 1, shaggy fur 1, tough skin 1
a: Renounce Religion, Upheaval, Elemental Force


You were on level 8 of the Dungeon.
You worshipped Qazlal.
Qazlal was greatly pleased with you.
You visited 1 branch of the dungeon, and saw 9 of its levels.
You also visited: Ossuary.

You collected 807 gold pieces.

Inventory:

Hand Weapons
 r - a +0 trident
 x - a +4 morningstar
 z - a +3 spear
Missiles
 f - 380 stones (quivered)
 g - 59 poisoned darts
 B - 4 large rocks
 K - a throwing net
Armour
 a - a +0 robe (worn)
 b - a +0 kite shield (worn)
Jewellery
 e - a ring of protection from cold (left claw)
 y - a ring of protection from fire (right claw)
 D - an amulet of the acrobat (around neck)
 I - an amulet of magic regeneration
Wands
 A - a wand of iceblast (6)
 G - a wand of acid (7)
 H - a wand of charming (7)
Scrolls
 i - 4 scrolls of enchant weapon
 l - a scroll of summoning
 n - 2 scrolls of noise {unknown}
 s - 5 scrolls of teleportation
 u - a scroll of enchant armour {unknown}
 v - 2 scrolls of vulnerability {unknown}
 w - 3 scrolls of fog {unknown}
 C - 2 scrolls of fear {unknown}
 F - 5 scrolls of identify
 J - a scroll of holy word {unknown}
Potions
 c - 3 potions of might
 d - a potion of magic
 h - 2 potions of flight
 j - 3 potions of brilliance
 m - 3 potions of curing
 o - 2 potions of ambrosia
 p - a potion of cancellation
 q - a potion of degeneration {unknown}
 t - 3 potions of resistance
 E - 3 potions of lignification
 L - 3 potions of heal wounds {unknown}
 M - a potion of mutation {unknown}


   Skills:
 - Level 5.0 Fighting
 - Level 2.4 Dodging
 + Level 8.3 Shields
 + Level 9.6 Unarmed Combat
 + Level 1.8 Invocations
 - Level 5.0 Evocations


You had 9 spell levels left.
You didn't know any spells.
Your spell library contained the following spells:

 Spells                   Type           Power      Damage    Failure   Level
 Pain                     Necr           0%         1d4       54%         1
 Sandblast                Erth           0%         2d4       54%         1
 Blink                    Tloc           N/A        N/A       69%         2
 Passwall                 Tmut/Erth      0%         N/A       69%         2
 Inner Flame              Hex/Fire       0%         N/A       89%         3
 Lesser Beckoning         Tloc           0%         N/A       89%         3
 Animate Armour           Summ/Erth      0%         N/A       100%        4
 Cause Fear               Hex            0%         N/A       100%        4
 Agony                    Necr           0%         N/A       100%        5
 Blade Hands              Tmut           0%         N/A       100%        5
 Excruciating Wounds      Necr           0%         N/A       100%        5
 Lee's Rapid Deconstruct  Erth           0%         3d5*      100%        5
 Manifold Assault         Tloc           0%         N/A       100%        5
 Iron Shot                Conj/Erth      0%         9d1       100%        6
 Discord                  Hex            0%         N/A       100%        8


Dungeon Overview and Level Annotations

Branches:
Dungeon (9/15)             Temple (0/1) D:7             Orc (0/2) D:9
Ossuary (visited)
   Lair: D:8-11

Altars:
Ashenzari
Fedhas
Gozag
Kikubaaqudgha
Qazlal
Sif Muna
Trog
Uskayaw
Zin
The Shining One

Shops:
D:6 !   D:7 :

Annotations:
D:8 kthxbai's ghost, novice DgEE


Innate Abilities, Weirdness & Mutations

You are too large for most types of armour.
You have claws for hands.
Your natural rate of healing is unusually fast.
You are covered in fur. (AC +1)
You have tough skin. (AC +1)


Message History

Kthxbai's ghost is engulfed in blazing flames.
The efreet hits you with a +3 scimitar of flaming!
The efreet burns you.
* * * LOW HITPOINT WARNING * * *
You feel yourself speed up. You block the orc warrior's attack.
The freezing wraith hits you!
* * * LOW HITPOINT WARNING * * *
The freezing wraith freezes you! You resist.
* * * LOW HITPOINT WARNING * * *
The freezing wraith closely misses you. The efreet gestures at you.
The bolt of fire misses you.
You barely miss the freezing wraith.
The freezing wraith is heavily damaged.
You block the orc warrior's attack.
Kthxbai's ghost is engulfed in blazing flames.
The freezing wraith barely misses you. You block the freezing wraith's attack.
As you read the scroll of teleportation, it crumbles to dust.
You feel strangely unstable. You block the efreet's attack.
You are too injured to fight recklessly!
It was a potion of lignification.
You turn into a tree.
Your +0 robe melds into your body.
Your roots penetrate the ground.
You feel strangely stable.
The orc warrior hits you from afar with a +0 glaive!
* * * LOW HITPOINT WARNING * * *
Kthxbai's ghost hits you but does no damage.
You block the freezing wraith's attack.
The freezing wraith hits you but does no damage.
It was a potion of cancellation.
Your magical effects are unravelling.
You feel magically purged.
You feel less wooden.
Your +0 robe unmelds from your body.
You feel yourself slow down. You block the efreet's attack.
The orc warrior hits you from afar with a +0 glaive.
* * * LOW HITPOINT WARNING * * *
Kthxbai's ghost points at you and mumbles some strange words.
The stone arrow hits you!!!
You die...

#.....# #.###
#.....######## #.#
###'#........#######
#.#
##'#.........##.8$##
#.#
#............#...$∩#
#.#
#............'.$.)8#
#.### ##
#..........§°°o_8.∩#
#.##. .#
#.........°RWW$.$.8#
#.##. .#
#....#######@#...$∩#
#.##. .# #....#
#.##.8.## #.##. .#
#....# ########
#.... .# #....#
#.... .# ##'###
#.... .# #....#
#.... .# #....#
###### .# #....#
#..... .# #....#
#.###.


You could see a freezing wraith, an efreet, an orc warrior and kthxbai's ghost.

Vanquished Creatures
  A two-headed ogre (D:6)
  A troll (D:9)
  2 hornets (D:9)
  3 meliai (D:9)
  A slime creature (D:8)
  2 wraiths
  A wyvern (D:8)
  A water moccasin (D:5)
  An ice beast (D:7)
  A black bear (D:7)
  A sky beast (D:6)
  7 ogres
  An orc warrior (D:9)
  3 necrophages
  A hornet zombie (D:8)
  2 centaurs
  3 bullfrogs
  A scorpion (D:4)
  A water moccasin zombie (D:6)
  A gnoll sergeant (D:8)
  3 killer bees (D:8)
  3 wights (D:4)
  A howler monkey (D:4)
  2 bullfrog zombies
  A human zombie (D:4)
  2 centaur zombies (D:8)
  3 orc priests
  3 hounds
  A centaur skeleton (D:6)
  A gnoll shaman (D:8)
  3 jellies
  3 iguanas
  9 orc wizards
  9 mummies
  Robin (D:3)
  4 gnolls
  A howler monkey zombie (D:9)
  6 adders
  A shadow imp (D:7)
  An ufetubus (D:5)
  5 adder zombies (D:4)
  3 worms
  4 dart slugs
  26 orcs
  5 endoplasms
  2 giant cockroaches (D:1)
  13 goblins
  13 hobgoblins
  6 quokkas
  7 ball pythons
  8 bats
  2 frilled lizards (D:1)
  A gnoll zombie (Ossuary)
  2 hobgoblin zombies (Ossuary)
  7 kobolds
  5 kobold zombies (Ossuary)
  4 rats
206 creatures vanquished.

Vanquished Creatures (others)
  3 plants (D:1)
3 creatures vanquished.

Grand Total: 209 creatures vanquished

Notes
Turn   | Place    | Note
-------+----------+-------------------------------------------
     0 | D:1      | DoubleLucky the Troll Fighter began the quest for the Orb.
     0 | D:1      | Reached XP level 1. HP: 22/22 MP: 0/0
   193 | D:1      | Reached XP level 2. HP: 29/29 MP: 1/1
   337 | D:1      | Found a faded altar of an unknown god.
   721 | D:2      | Reached XP level 3. HP: 36/36 MP: 2/2
   783 | D:2      | Reached skill level 3 in Unarmed Combat
   783 | D:2      | Reached XP level 4. HP: 45/45 MP: 3/3
   794 | D:2      | Found a hide-covered altar of Uskayaw.
  1250 | D:3      | Found a bloodstained altar of Trog.
  1303 | D:3      | Found a glowing golden altar of the Shining One.
  1318 | D:3      | Found a stormy altar of Qazlal.
  1329 | D:3      | Became a worshipper of Qazlal Stormbringer
  2019 | D:3      | Noticed Robin
  2023 | D:3      | Reached XP level 5. HP: 50/53 MP: 4/4
  2028 | D:3      | Killed Robin
  2033 | D:3      | Reached * piety under Qazlal
  2257 | D:4      | Found a sand-covered staircase.
  2279 | Ossuary  | Entered an ossuary
  2326 | Ossuary  | Reached XP level 6. HP: 62/62 MP: 5/5
  2338 | Ossuary  | Reached skill level 4 in Unarmed Combat
  2812 | D:4      | Reached XP level 7. HP: 69/71 MP: 6/6
  2824 | D:4      | Reached ** piety under Qazlal
  2872 | D:4      | Reached skill level 5 in Unarmed Combat
  2872 | D:4      | Found an ancient bone altar of Kikubaaqudgha.
  3064 | D:4      | Found a shimmering blue altar of Sif Muna.
  3363 | D:5      | Entered Level 5 of the Dungeon
  3559 | D:5      | Reached skill level 5 in Fighting
  3559 | D:5      | Reached skill level 5 in Shields
  3559 | D:5      | Reached XP level 8. HP: 80/80 MP: 7/7
  3672 | D:5      | Found a hide-covered altar of Uskayaw.
  3850 | D:5      | Reached skill level 1 in Evocations
  3926 | D:5      | Reached skill level 6 in Unarmed Combat
  3983 | D:5      | Found a blossoming altar of Fedhas.
  4261 | D:6      | Identified the +8 dagger of Forced Transition {pain, Dex+3}
  4333 | D:6      | Found Kiufraumm's Distillery.
  4717 | D:6      | Noticed a two-headed ogre
  4744 | D:6      | Killed a two-headed ogre
  4745 | D:6      | Reached skill level 7 in Unarmed Combat
  4745 | D:6      | Reached XP level 9. HP: 61/88 MP: 8/8
  4846 | D:6      | Reached *** piety under Qazlal
  5437 | D:7      | Found Zodyleaf's Book Shop.
  5459 | D:7      | Found a staircase to the Ecumenical Temple.
  5558 | D:7      | Reached skill level 8 in Unarmed Combat
  5815 | D:7      | Found a broken altar of Ashenzari.
  6588 | D:8      | HP: 4/88 [orc priest/nerve-wracking pain (10)]
  6626 | D:8      | Reached **** piety under Qazlal
  6774 | D:8      | Reached XP level 10. HP: 84/96 MP: 9/9
  7025 | D:8      | Found a runed translucent gate.
  7025 | D:8      | Found a runed translucent gate.
  7025 | D:8      | Found a runed translucent gate.
  7027 | D:8      | Found an opulent altar of Gozag.
  7028 | D:8      | Noticed kthxbai's ghost (novice DgEE)
  7638 | D:9      | Reached skill level 5 in Evocations
  7648 | D:9      | Reached skill level 9 in Unarmed Combat
  7849 | D:9      | Found a staircase to the Orcish Mines.
  7980 | D:9      | Found a glowing silver altar of Zin.
  8252 | D:9      | Reached skill level 1 in Invocations
  8739 | D:8      | HP: 4/144 [orc warrior (11)]
  8740 | D:8      | Killed from afar by kthxbai's ghost

Illustrated notes

Levels and vault maps discovered:
D:1:      dpeg_arrival_solitude, layout_loops_ring,
          shapermc_ecumenical_altar_mp_ritualfount,
          chequers_serial_rivers_micro_c
D:2:      layout_rooms, basic_altar, minmay_octomino_c4
D:3:      layout_basic, grunt_qazlal_sundering, mainiacjoe_overflow_paths,
          mainiacjoe_overflow_concentric_impassable, minivault_26, uniq_robin
D:4:      layout_rooms, nicolae_sif_muna_condensation,
          lemuel_mausoleum_altar_kikubaaqudgha, enter_ossuary_1
D:5:      layout_basic, fedhas_altar_4, general_overflow_altar, serial_rivers,
          chequers_serial_rivers_micro_b, chequers_serial_rivers_room_b,
          chequers_serial_rivers_micro_d, chequers_serial_rivers_micro_a,
          chequers_serial_rivers_micro_b
D:6:      layout_loops_corners, serial_shops, shop
D:7:      layout_loops_ring, ashenzari_altar_1, minmay_temple_entry_poolview,
          serial_shops, nicolae_shop_behind_doors
D:8:      layout_basic, ebering_ghost_gozag, minmay_chambers_of_fives
D:9:      layout_long_grid, mainiacjoe_overflow_six_doors_small, erik_orc_3,
          serial_co_window_serial, co_window_of_opportunity_a,
          co_window_of_opportunity_a, co_window_corner_a, co_window_paths_b,
          co_window_paths_a, co_window_corner_a, co_window_paths_b,
          co_window_paths_a, co_window_paths_a, co_window_corner_b,
          co_window_of_opportunity_b, co_window_2corner, co_window_corner_ca,
          glass_columns_b, glass_columns_a

Skill      XL: |  1  2  3  4  5  6  7  8  9 10 |
---------------+-------------------------------+-----
Fighting       | 3 4 5 |  5.0
Shields        | 3 4 5 6 7 8 |  8.3
Unarmed Combat | 3 4 5 7 8 9 |  9.6
Evocations     | 3 4 5 |  5.0
Invocations    | 1 |  1.8
Dodging        | |  2.4

Action                   |  1- 3 |  4- 6 |  7- 9 | 10-12 || total
-------------------------+-------+-------+-------+-------++-------
Melee: Unarmed           |    81 |   169 |   309 |    73 ||   632
Throw: Stone             |    31 |   100 |   116 |    29 ||   276
Invok: Upheaval          |       |       |       |     1 ||     1
Evoke: Wand              |       |       |       |     1 ||     1
  Use: Potion            |     1 |     1 |     1 |     5 ||     8
       Scroll            |       |     7 |     1 |     1 ||     9
Armor: Robe              |    13 |    47 |    52 |     4 ||   116
       Skin              |       |       |       |     2 ||     2
Dodge: Dodged            |    22 |    41 |    82 |    30 ||   175
Block: Kite shield       |    31 |    62 |   211 |    63 ||   367
